 Dungeon Crawl Stone Soup version 0.31.0-1-g2c135a008e (webtiles) character file.

Game seed: 9493848634302980588

347 qw the Shooter (level 6, -8/46 HPs)
             Began as a Djinni Hunter on Jan 23, 2024.
             Mangled by a two-headed ogre
             ... wielding a +0 giant spiked club
              (18 damage)
             ... on level 5 of the Dungeon.
             The game lasted 00:00:10 (2959 turns).

qw the Shooter (Djinni Hunter)                      Turns: 2959, Time: 00:00:11

Health: -8/46      AC:  7    Str: 10    XL:     6   Next: 90%
Gold:   129        EV: 11    Int: 11    God:
                   SH:  0    Dex: 18

rFire   + + .        a - +1 shortbow
rCold   x . .        (shield currently unavailable)
rNeg    . . .        d - +0 ring mail
rPois   inf          n - +0 helmet
rElec   .            (no cloak)
rCorr   .            k - +0 pair of gloves
SInv    .            (boots unavailable)
Will    .....        (no amulet)
Stlth   +            (no ring)
HPRegen 0.27/turn    (no ring)
MPRegen 0.00/turn

%: infuse magic (-9 HP)
@: about to teleport, flying
A: sickness immunity, fire resistance 2, cold vulnerability 1, float, innate
caster, HP casting, extra vitality 1
a: no special abilities


You were on level 5 of the Dungeon.
You visited 1 branch of the dungeon, and saw 5 of its levels.

You collected 234 gold pieces.
You spent 105 gold pieces at shops.


Innate Abilities, Weirdness & Mutations

You are immune to sickness and miasma.
You are immune to poison.
Your flesh is very heat resistant. (rF++)
You are vulnerable to cold. (rC-)
You float through the air rather than walking.
You learn spells naturally, not from books.
Your magical power is your life essence.
You have superior vitality. (+4 MHP)


   Skills:
 + Level 3.1 Fighting
 - Level 5.4 Ranged Weapons
 - Level 1.1 Armour
 - Level 3.5 Dodging
 - Level 0.7 Stealth


You knew the following spells:

 Your Spells              Type           Power      Damage    Failure   Level
a - Sting                 Conj/Alch      0%         1d3       65%         1
b - Lesser Beckoning      Tloc           0%         N/A       80%         2
Your spell library was empty.

Inventory:

Hand Weapons
 a - a +1 shortbow (weapon)
Armour
 d - a +0 ring mail (worn)
 k - a +0 pair of gloves (worn)
 n - a +0 helmet (worn)
Jewellery
 g - a ring of fire
Potions
 c - 2 potions of might
 e - a potion of magic {unknown}
 f - a potion of ambrosia {unknown}
 i - 3 potions of curing
 l - a potion of degeneration {unknown}
 m - a potion of resistance {unknown}
 o - a potion of attraction {unknown}
 p - a potion of haste {unknown}

Dungeon Overview and Level Annotations

Branches:
Dungeon (5/15)
 Temple: D:4-7

Altars:
Ashenzari
Hepliaklqana
Ru

Shops:
D:1 :   D:3 *:*==

Annotations:
D:3 1 runed translucent door, qw's ghost, amateur DjHu


Message History

Your Dodging skill increases to level 3!
You start resting.
HP restored.
A two-headed ogre comes into view.
It is wielding a +0 giant spiked club and a +0 giant club.
2952 ||| ZAPPING wand of paralysis (2) at 7,-1 (two-headed ogre; floor).
Aiming: Paralyse
Press: ? - help, Q - select action, (/) - cycle Shift-Dir - straight line, f - two-headed ogre The two-headed ogre shouts in stereo!
The two-headed ogre easily resists.
You reach down and open the door.
A two-headed ogre is nearby!
2954 ||| ZAPPING wand of iceblast (2) at 4,-1 (floor).
Aiming: Iceblast
Press: ? - help, Q - select action, (/) - cycle Shift-Dir - straight line, p - two-headed ogre The mass of ice explodes!
The iceblast engulfs the two-headed ogre.
The two-headed ogre is lightly wounded.
2955 ||| ZAPPING wand of iceblast (1) at 4,-1 (two-headed ogre; floor).
Aiming: Iceblast
Press: ? - help, Q - select action, (/) - cycle Shift-Dir - straight line, f - two-headed ogre The mass of ice explodes!
The iceblast engulfs the two-headed ogre!
The two-headed ogre is moderately wounded.
The now-empty wand crumbles to dust.
2956 ||| ZAPPING wand of paralysis (1) at 3,0 (two-headed ogre; floor).
Aiming: Paralyse
Press: ? - help, Q - select action, (/) - cycle Shift-Dir - straight line, f/p - two-headed ogre The two-headed ogre easily resists.
The now-empty wand crumbles to dust.
You shoot an arrow.
The arrow barely misses the two-headed ogre.
The two-headed ogre hits you with a +0 giant spiked club!!
Ouch! That really hurt!
The two-headed ogre hits you with a +0 giant club!
2958 ||| READING scroll of teleportation.
As you read the scroll of teleportation, it crumbles to dust.
You feel strangely unstable.
You shoot an arrow. The arrow hits the two-headed ogre.
The two-headed ogre is moderately wounded.
The two-headed ogre hits you with a +0 giant spiked club!!
You die...

...........#
..........#
.........
.......
..... # ...
.###
##'###....
#.@O..#
#..)..#
#..<..#
#.%...#
#.....#
#.....#
#.....#
#######


You could see a two-headed ogre.

Vanquished Creatures
  An ogre (D:5)
  A phantom (D:4)
  A scorpion (D:5)
  An iguana (D:5)
  4 adders
  4 dart slugs
  An orc (D:3)
  A bat (D:3)
  8 endoplasms
  3 giant cockroaches
  6 goblins
  8 hobgoblins
  A quokka (D:4)
  6 ball pythons
  A frilled lizard (D:3)
  A kobold (D:1)
  9 rats
57 creatures vanquished.

Notes
Turn   | Place    | Note
-------+----------+-------------------------------------------
     0 | D:1      | qw the Djinni Hunter began the quest for the Orb.
     0 | D:1      | Reached XP level 1. HP: 18/18 MP: 0/0
     0 | D:1      | 0 ||| qw: Version: 0.3-a-134-g2ba4250
     0 | D:1      | 0 ||| qw: Game counter: 750
     0 | D:1      | 0 ||| qw: Melee chars always use a shield: true
     0 | D:1      | 0 ||| qw: God list: Okawaru
     0 | D:1      | 0 ||| qw: Allow faded altars: false
     0 | D:1      | 0 ||| qw: Do Orc after clearing Dungeon:15 true
     0 | D:1      | 0 ||| qw: Do second Lair branch before Depths: true
     0 | D:1      | 0 ||| qw: Lair rune preference: random
     0 | D:1      | 0 ||| qw: Goals: Normal
     0 | D:1      | 0 ||| PLANNING D:1-11
   111 | D:1      | Reached XP level 2. HP: 23/23 MP: 0/0
   525 | D:1      | Found Zecel's Book Shoppe.
   562 | D:1      | 562 ||| UPGRADING to +0 ring mail.
   572 | D:1      | 572 ||| DROPPING +0 leather armour.
   573 | D:1      | 573 ||| READING scroll labelled MYEVUF RYBBO.
   574 | D:1      | 574 ||| DROPPING scroll of butterflies.
   684 | D:2      | Reached XP level 3. HP: 28/28 MP: 0/0
   684 | D:2      | Learned a level 1 spell: Sting
   697 | D:2      | Reached skill level 4 in Ranged Weapons
  1020 | D:2      | Reached skill level 1 in Armour
  1454 | D:2      | 1454 ||| DROPPING +6 ring of intelligence.
  1455 | D:2      | 1455 ||| READING scroll labelled ABOHEVU QAIWN.
  1456 | D:2      | 1456 ||| DRINKING 2 cyan potions.
  1457 | D:2      | 1457 ||| DRINKING 2 emerald potions.
  1512 | D:3      | Found a runed translucent door.
  1566 | D:3      | Found Diunaull's Jewellery Shoppe.
  1573 | D:3      | 1573 ||| SHOPLISTING amulet of faith (560 gold, have 98).
  1573 | D:3      | 1573 ||| SHOPLISTING amulet of reflection (420 gold, have
                  | 98).
  1573 | D:3      | 1573 ||| SHOPLISTING ring of Buniutax {Str+5 Int+6 Dex+2}
                  | (807 gold, have 98).
  1573 | D:3      | 1573 ||| SHOPLISTING ring of fire (350 gold, have 98).
  1573 | D:3      | 1573 ||| SHOPLISTING ring of positive energy (280 gold,
                  | have 98).
  1573 | D:3      | 1573 ||| SHOPLISTING ring of resist corrosion (280 gold,
                  | have 98).
  1617 | D:3      | Reached XP level 4. HP: 34/34 MP: 0/0
  1622 | D:3      | Found Reppoiwu's Jewellery Emporium.
  1633 | D:3      | 1633 ||| SHOPLISTING +6 ring of dexterity (432 gold, have
                  | 108).
  1633 | D:3      | 1633 ||| SHOPLISTING +6 ring of strength (432 gold, have
                  | 108).
  1633 | D:3      | 1633 ||| SHOPLISTING ring of positive energy (240 gold,
                  | have 108).
  1876 | D:3      | Found a sacrificial altar of Ru.
  1920 | D:3      | Found Pubenain's General Store.
  1925 | D:3      | 1925 ||| SHOPLISTING +0 robe "Qomeob" {-Tele rF+ Int+2}
                  | (166 gold, have 150).
  1925 | D:3      | 1925 ||| BUYING potion of curing (42 gold).
  1925 | D:3      | Bought a potion of curing for 42 gold pieces
  1925 | D:3      | 1925 ||| SHOPLISTING wand of iceblast (14) (470 gold, have
                  | 108).
  2123 | D:3      | Reached skill level 3 in Fighting
  2137 | D:3      | Found a hazy altar of Hepliaklqana.
  2267 | D:3      | Found Teysui's Book Shop.
  2330 | D:3      | Found Sagh's General Store.
  2339 | D:3      | 2339 ||| BUYING +0 helmet (63 gold).
  2339 | D:3      | Bought a +0 helmet for 63 gold pieces
  2339 | D:3      | 2339 ||| SHOPLISTING +1 ring mail of Inaction {rC+ Regen+
                  | rCorr} (400 gold, have 75).
  2339 | D:3      | 2339 ||| SHOPLISTING potion of mutation (112 gold, have
                  | 75).
  2358 | D:3      | Noticed qw's ghost (amateur DjHu)
  2381 | D:3      | 2381 ||| UPGRADING to +0 pair of gloves.
  2386 | D:3      | 2386 ||| UPGRADING to +0 helmet.
  2391 | D:3      | 2391 ||| READING scroll labelled BISHRO ZUWNUFRE.
  2392 | D:3      | 2392 ||| READING scroll labelled EQUJUOK XEDUC.
  2493 | D:3      | 2493 ||| READING scroll labelled OCOILU DOLEO.
  2496 | D:3      | 2496 ||| READING scroll labelled QONKEZ AROEDOM.
  2496 | D:3      | 2496 ||| ENCHANTING +0 shortbow.
  2687 | D:4      | Found a broken altar of Ashenzari.
  2731 | D:4      | Noticed a phantom
  2733 | D:4      | 2733 ||| ZAPPING wand of iceblast (6) at 1,2 (phantom;
                  | floor).
  2741 | D:4      | 2741 ||| ZAPPING wand of iceblast (5) at 2,0 (floor).
  2742 | D:4      | 2742 ||| ZAPPING wand of iceblast (4) at 2,0 (floor).
  2744 | D:4      | Killed a phantom
  2745 | D:4      | Reached XP level 5. HP: 40/40 MP: 0/0
  2745 | D:4      | Learned a level 2 spell: Lesser Beckoning
  2872 | D:4      | 2872 ||| READING scroll labelled AROCAPTEAV.
  2876 | D:5      | Entered Level 5 of the Dungeon
  2876 | D:5      | Noticed an ogre
  2877 | D:5      | 2877 ||| ZAPPING wand of iceblast (3) at 1,-2 (ogre;
                  | floor).
  2880 | D:5      | Killed an ogre
  2881 | D:5      | Reached skill level 5 in Ranged Weapons
  2881 | D:5      | Reached XP level 6. HP: 46/46 MP: 0/0
  2946 | D:5      | Reached skill level 3 in Dodging
  2951 | D:5      | Noticed a two-headed ogre
  2952 | D:5      | 2952 ||| ZAPPING wand of paralysis (2) at 7,-1 (two-headed
                  | ogre; floor).
  2954 | D:5      | 2954 ||| ZAPPING wand of iceblast (2) at 4,-1 (floor).
  2955 | D:5      | 2955 ||| ZAPPING wand of iceblast (1) at 4,-1 (two-headed
                  | ogre; floor).
  2956 | D:5      | 2956 ||| ZAPPING wand of paralysis (1) at 3,0 (two-headed
                  | ogre; floor).
  2957 | D:5      | HP: 9/46 [two-headed ogre/+0 giant spiked club (14)]
  2958 | D:5      | 2958 ||| READING scroll of teleportation.
  2959 | D:5      | Mangled by a two-headed ogre

Levels and vault maps discovered:
D:1:      dpeg_arrival_concentric_ovals, layout_basic, serial_shops,
          nicolae_square_shop
D:2:      layout_basic
D:3:      layout_loops_corners, mainiacjoe_overflow_24_doors,
          nicolae_hepliaklqana_hippocampus, serial_shops, shop, shop,
          nicolae_diamond_shop, shop, nicolae_shop_stone, serial_glass,
          glass_columns_a, glass_columns_b, ebering_ghost_inner_flame
D:4:      layout_rooms, nicolae_ashenzari_panopticon
D:5:      layout_gridville, minmay_temple_entry_nine_rooms, st_stairs_8,
          minmay_holes, solitary_fountain, hangedman_feature_mirror,
          minivault_27, minmay_door_square, uniq_grinder, uniq_pikel,
          uniq_blork_the_orc

Skill      XL: |  1  2  3  4  5  6 |
---------------+-------------------+-----
Ranged Weapons | 4 5 |  5.4
Armour         | 1 |  1.1
Fighting       | 3 |  3.1
Dodging        | 3 |  3.5
Stealth        | |  0.7

Action                     |  1- 3 |  4- 6 || total
---------------------------+-------+-------++-------
   Fire: Shortbow          |    89 |    83 ||   172
  Evoke: Wand              |       |     8 ||     8
    Use: Scroll            |     2 |     6 ||     8
         Potion            |     2 |       ||     2
 Armour: Leather armour    |     4 |       ||     4
         Ring mail         |     9 |    28 ||    37
  Dodge: Dodged            |    15 |    28 ||    43

Table legend:
 A = Non-vault XP
 B = Vault XP
 C = Vault XP percentage of total XP
 D = Non-vault monster count
 E = Vault monster count
 F = Vault count percentage of total count
                 A         B        C        D         E       F
            +---------+---------+-------+---------+---------+-------
      Total |     400 |      96 |  19.4 |      55 |       2 |   3.5
            +---------+---------+-------+---------+---------+-------
        D:1 |      25 |       0 |   0.0 |      15 |       0 |   0.0
        D:2 |      37 |       0 |   0.0 |      14 |       0 |   0.0
        D:3 |      39 |       0 |   0.0 |      13 |       0 |   0.0
        D:4 |     140 |       0 |   0.0 |      11 |       0 |   0.0
        D:5 |     159 |      96 |  37.6 |       2 |       2 |  50.0
            +---------+---------+-------+---------+---------+-------
